 Dungeon Crawl Stone Soup version 0.25-a0-474-ga8a2ee3166 (webtiles) character file.

Game seed: 10687331087652456581, levelgen mode: deterministic

91 HawFromDerth the Chiller (level 4, -1/30 HPs)
             Began as a Human Ice Elementalist on Feb 8, 2020.
             Slain by a frilled lizard (2 damage)
             ... on level 2 of the Dungeon.
             The game lasted 00:15:20 (2024 turns).

HawFromDerth the Chiller (Human Ice Elementalist)   Turns: 2024, Time: 00:15:21

Health: -1/30      AC:  2    Str:  8    XL:     4   Next: 88%
Magic:  1/8        EV: 12    Int: 17    God:
Gold:   96         SH:  0    Dex: 13    Spells: 1/8 levels left

rFire    . . .     SeeInvis .   (no weapon)
rCold    . . .     Gourm    .   (no shield)
rNeg     . . .     Faith    .   a - +0 robe
rPois    .         Spirit   .   (no helmet)
rElec    .         Reflect  .   (no cloak)
rCorr    .         Harm     .   (no gloves)
MR       .....                  (no boots)
Stlth    ++........             (no amulet)
HPRegen  0.10/turn              (no ring)
MPRegen  0.11/turn              (no ring)

@: no status effects
A: no striking features
a: no special abilities


You were on level 2 of the Dungeon.
You were not hungry.

You visited 1 branch of the dungeon, and saw 2 of its levels.

You collected 96 gold pieces.

Inventory:

Armour
 a - a +0 robe (worn)
Scrolls
 d - a scroll of amnesia {unknown}
 e - a scroll of remove curse {unknown}
 h - a scroll of identify {unknown}
Potions
 b - a potion of curing
 g - a potion of haste
Comestibles
 c - 5 rations
 f - 3 chunks of flesh


   Skills:
 + Level 0.1 Fighting
 + Level 2.0 Dodging
 + Level 2.1 Stealth
 + Level 2.8 Spellcasting
 + Level 5.2 Ice Magic


You had one spell level left.
You knew the following spells:

 Your Spells              Type           Power        Failure   Level  Hunger
a - Freeze                Ice            ###.         1%          1    #......
b - Ozocubu's Armour      Chrm/Ice       ##......     19%         3    ###....
c - Frozen Ramparts       Ice            ###...       6%          3    ###....

Your spell library contained the following spells:

 Spells                   Type           Power        Failure   Level  Hunger
 Hailstorm                Conj/Ice       ##......     52%         4    #####..
 Summon Ice Beast         Ice/Summ       ##......     52%         4    #####..


Dungeon Overview and Level Annotations

Branches:
Dungeon (2/15)

Altars:


Message History

The worm barely misses you. The frilled lizard barely misses you.
Casting: Freeze (safe; 1% risk of failure)
Confirm with . or Enter, or press ? or * to list all spells.
Aiming: Freeze (safe; 1% risk of failure)
Press: ? - help, Shift-Dir - straight line, f/p - worm
Aim: a worm (severely wounded)
You freeze the worm.
The worm is almost dead.
The worm bites you!
* * * LOW HITPOINT WARNING * * *
The frilled lizard bites you.
* * * LOW HITPOINT WARNING * * *
Casting: Freeze (safe; 1% risk of failure)
Confirm with . or Enter, or press ? or * to list all spells.
You don't have enough magic to cast that spell.
Unknown command.
The frilled lizard misses you.
The frilled lizard completely misses you.
The frilled lizard bites you.
You die...

#.# #........... ##########.#
#........... .........#.#
#...........
.........#.#######...........
..)...)..'.......+...........
.........#######'#..%%#
.........# #......w...#
.........# #........###
########## #....@l..#..
#........#.# ##########
#####.####.# .........## #.#
#.# ..........# #.# #.#
##........# #.# #.#
#........## #.# #.#
#.........#####'####.#
#.........##.........#


You could see a worm and a frilled lizard.

Vanquished Creatures
  A gnoll (D:1)
  2 adders (D:2)
  A worm (D:2)
  2 dart slugs
  3 leopard geckos
  3 giant cockroaches
  5 goblins
  10 hobgoblins
  3 jackals (D:2)
  A ball python (D:2)
  5 bats
  3 frilled lizards (D:2)
  7 kobolds
  6 rats
52 creatures vanquished.

Notes
Turn   | Place    | Note
-------+----------+-------------------------------------------
     0 | D:1      | HawFromDerth the Human Ice Elementalist began the quest for
                  | the Orb.
     0 | D:1      | Reached XP level 1. HP: 13/13 MP: 3/3
   146 | D:1      | Reached XP level 2. HP: 19/19 MP: 0/5
   551 | D:1      | Reached XP level 3. HP: 24/24 MP: 3/6
   959 | D:1      | Learned a level 3 spell: Ozocubu's Armour
  1418 | D:2      | Reached XP level 4. HP: 30/30 MP: 5/7
  1434 | D:2      | Reached skill level 5 in Ice Magic
  1458 | D:2      | Learned a level 3 spell: Frozen Ramparts
  2018 | D:2      | HP: 1/30 [frilled lizard (2)]
  2024 | D:2      | Slain by a frilled lizard

Levels and vault maps discovered:
D:1:      sevenhm_arrival_forest_fort_large_1, layout_loops_ring, minivault_27,
          kennysheep_crisscross
D:2:      minmay_chambers_of_ones, layout_basic, first_ration

Skill      XL: |  1  2  3  4 |
---------------+-------------+-----
Ice Magic      | 5 |  5.2
Fighting       | |  0.1
Dodging        | |  2.0
Stealth        | |  2.1
Spellcasting   | |  2.8

Action                   |  1- 3 |  4- 6 || total
-------------------------+-------+-------++-------
Melee: Unarmed           |     3 |       ||     3
 Cast: Freeze            |    50 |    32 ||    82
       Ozocubu's Armour  |     4 |       ||     4
       Frozen Ramparts   |       |     5 ||     5
  Use: Potion            |     2 |       ||     2
  Eat: Chunk             |     3 |     2 ||     5
Armor: Robe              |     8 |     3 ||    11
Dodge: Dodged            |    20 |    19 ||    39

Table legend:
 A = Non-vault XP
 B = Vault XP
 C = Vault XP percentage of total XP
 D = Non-vault monster count
 E = Vault monster count
 F = Vault count percentage of total count
                 A         B        C        D         E       F
            +---------+---------+-------+---------+---------+-------
      Total |     129 |       2 |   1.5 |      50 |       2 |   3.8
            +---------+---------+-------+---------+---------+-------
        D:1 |      56 |       2 |   3.4 |      23 |       2 |   8.0
        D:2 |      73 |       0 |   0.0 |      27 |       0 |   0.0
            +---------+---------+-------+---------+---------+-------
